 Dungeon Crawl Stone Soup version 0.28-a0-661-g144af121cd (webtiles) character file.

Game seed: 10682564352707725572

12 MacCMillion the Chiller (level 2, 15/15 HPs)
             Began as a Gargoyle Ice Elementalist on Oct 14, 2021.
             Quit the game on level 1 of the Dungeon.
             The game lasted 00:00:52 (357 turns).

MacCMillion the Chiller (Gargoyle Ice Elementalist)  Turns: 357, Time: 00:00:52

Health: 15/15      AC:  5    Str: 11    XL:     2   Next: 33%
Magic:  0/5        EV: 11    Int: 15    God:
Gold:   6          SH:  0    Dex: 10    Spells: 4/5 levels left

rFire   . . .      SeeInvis .   e - +0 whip
rCold   . . .      Faith    .   (no shield)
rNeg    + . .      Spirit   .   a - +0 robe
rPois   ∞          Reflect  .   b - +0 helmet
rElec   +          Harm     .   (no cloak)
rCorr   .          Rampage  .   (no gloves)
Will    .....                   (no boots)
Stlth   ++........              (no amulet)
HPRegen 0.05/turn               (no ring)
MPRegen 0.09/turn               (no ring)

@: no status effects
A: sickness immunity, AC +2, negative energy resistance 1, electricity
resistance, torment resistance 1, petrification resistance
a: no special abilities


You were on level 1 of the Dungeon.
You visited 1 branch of the dungeon, and saw 1 of its levels.

You collected 6 gold pieces.

Inventory:

Hand Weapons
 e - a +0 whip (weapon)
Armour
 a - a +0 robe (worn)
 b - a +0 helmet (worn)
Potions
 c - a potion of attraction {unknown}
 d - a potion of curing {unknown}
 f - a potion of cancellation {unknown}


   Skills:
 - Level 1.5 Dodging
 - Level 2.1 Stealth
 - Level 2.0 Spellcasting
 + Level 4.5 Ice Magic


You had 4 spell levels left.
You knew the following spells:

 Your Spells              Type           Power      Damage    Failure   Level
a - Freeze                Ice            60%        1d8       3%          1

Your spell library contained the following spells:

 Spells                   Type           Power      Damage    Failure   Level
 Frozen Ramparts          Ice            30%        1d5       10%         3
 Ozocubu's Armour         Ice            15%        N/A       10%         3
 Hailstorm                Conj/Ice       8%         3d4       65%         4


Dungeon Overview and Level Annotations

Branches:
Dungeon (1/15)

Altars:


Innate Abilities, Weirdness & Mutations

You are immune to sickness and miasma.
Your stone body is resilient. (AC +2)
You are immune to poison.
You resist negative energy. (rN+)
You are resistant to electric shocks. (rElec)
You are resistant to unholy torment.
You are immune to petrification.


Message History

You open the door.
There is an open door here.
You now have 6 gold pieces.
A goblin comes into view. It is wielding a +0 club.
A rat comes into view.
The goblin shouts!
The goblin hits you but does no damage.
You freeze the goblin.
The goblin is heavily wounded.
The goblin hits you but does no damage.
You freeze the goblin.
You kill the goblin!
You have reached level 2!
You freeze the rat.
You kill the rat!
Things that are here:
a +0 club; a goblin corpse
f - a ruby potion A rat and a dart slug come into view.
A ball python comes into view.
Found a dagger.
The ball python hisses angrily.
You barely miss the rat. The rat bites you but does no damage.
You freeze the ball python!
You kill the ball python!
The rat barely misses you.
You freeze the dart slug.
The dart slug is moderately wounded.
The rat barely misses you.
You freeze the dart slug.
The dart slug is almost dead.
The rat bites you but does no damage.
The dart slug bites you but does no damage.
You freeze the dart slug.
You kill the dart slug!
The rat barely misses you.
You freeze the rat!
You kill the rat!
Unknown command.
Are you sure you want to abandon this character and quit the game? (Confirm with "yes".)

##### #.... .# #....# ..
####..... .# ......)#.#
..# #....#
.......#..##.# #.(..#
....... ..... +....+
......†#+#.### #....#
.......@.....# #....#
......†......# #....#
.............# #....#
.............####....##
.............+........##
.............######'#...
#####........# #.#...
#####+###.# #.#..≈
..........# #.##..


There were no monsters in sight!

Vanquished Creatures
  A dart slug (D:1)
  An endoplasm (D:1)
  3 goblins (D:1)
  A ball python (D:1)
  A bat (D:1)
  2 kobolds (D:1)
  2 rats (D:1)
11 creatures vanquished.

Notes
Turn   | Place    | Note
-------+----------+-------------------------------------------
     0 | D:1      | MacCMillion the Gargoyle Ice Elementalist began the quest
                  | for the Orb.
     0 | D:1      | Reached XP level 1. HP: 10/10 MP: 3/3
   279 | D:1      | Reached XP level 2. HP: 15/15 MP: 1/5
   357 | D:1      | Quit the game

Illustrated notes

Levels and vault maps discovered:
D:1:      ebering_trefoil_3fold, layout_basic, grunt_decor_junction,
          minmay_crystal_water, minmay_worlds_worst_comb

Action                   || total
-------------------------++-------
Melee: Unarmed           ||     6
       Whip              ||     1
 Cast: Freeze            ||    16
Armor: Robe              ||     8
Dodge: Dodged            ||     9

Table legend: (Time is in decaauts)
 A = Elapsed time spent in this place.
 B = Non-inter-level travel time spent in this place.
 C = Inter-level travel time spent in this place.
 D = Time resting spent in this place.
 E = Time spent auto-exploring this place.
 F = Levels seen in this place.
 G = Mean time per level.
                   A        B        C        D        E       F      G
               +--------+--------+--------+--------+--------+-----+--------+
         Total |    357 |    357 |      0 |      0 |    283 |   1 |  357.0 |
       Dungeon |    357 |    357 |      0 |      0 |    283 |   1 |  357.0 |
               +--------+--------+--------+--------+--------+-----+--------+

Top non-repeatable levels by time:
     D:1: 357 daAuts
